AoeStats
← gob b

Arena

504626209Analyzed
2v2 RM · 27d ago on Sep 6, 2026· 28m 41s· 4 players
Game mode
Random Map
Map size
Medium (4 player)
Population
200
Speed
Normal
Resources
Standard
Victory
Conquest
Starting age
Dark Age
Ending age
Imperial Age
RankedLock teamsTeams togetherTeam positionsShared explorationLock speedFull tech treeHidden civsTurbo modeCheats
Victory
Defeat
1264
+13
🇮🇳 Khitans · India
1139
+18
🇨🇦 Bohemians · Canada
1206
-16
🇨🇦 Lithuanians · Canada
1189
-15
The Dot
9:22 Loom
11:07 Feudal Age
12:14 Double-Bit Axe
12:43 Horse Collar
17:12 Castle Age
19:04 Bow Saw
19:32 Heavy Plow
22:53 Fletching
24:08 Bodkin Arrow
Sogeking
10:33 Feudal Age
14:33 Castle Age
13:04 Horse Collar
13:13 Double-Bit Axe
15:16 Loom
24:14 Bloodlines
24:57 Husbandry
25:01 Squires
24:29 Pikeman
26:10 Wheelbarrow
28:01 Scale Barding Armor
28:07 Forging
28:40 Town Watch
[T41] Indian War Lord
7:08 Double-Bit Axe
10:46 Wheelbarrow
12:19 Feudal Age
11:50 Horse Collar
15:06 Bow Saw
16:58 Castle Age
15:35 Heavy Plow
16:35 Forging
16:19 Gold Mining
17:19 Hand Cart
20:13 Scale Barding Armor
20:28 Cavalier
22:33 Fletching
23:34 Iron Casting
24:31 Chain Barding Armor
24:09 Loom
26:28 Husbandry
gob b
11:38 Feudal Age
15:23 Castle Age
14:11 Forging
14:09 Double-Bit Axe
14:14 Domestication
14:59 Gold Mining
20:09 Iron Casting
21:46 Scale Mail Armor
25:39 Chain Mail Armor
Connection lost

Rejoining the realm…

Still unreachable

The connection could not be restored.

Session expired

The server has moved on; the page needs a fresh start.